 Dungeon Crawl Stone Soup version 0.28.0-47-ge53b351184 (webtiles) character file.

Game seed: 10097300189389701766

287 pkoi the Conjurer (level 5, -4/38 HPs)
             Began as a Demigod Conjurer on May 8, 2022.
             Slain by a centaur (5 damage)
             ... on level 4 of the Dungeon.
             The game lasted 00:04:34 (5235 turns).

pkoi the Conjurer (Demigod Conjurer)                Turns: 5235, Time: 00:04:34

Health: -4/38      AC:  2    Str:  8    XL:     5   Next: 81%
Magic:  6/10       EV: 12    Int: 24    God:
Gold:   104        SH:  0    Dex: 12    Spells: 0/7 levels left

rFire   . . .      SeeInvis .   c - +2 dagger (venom)
rCold   . . .      Faith    .   (no shield)
rNeg    . . .      Spirit   .   a - +0 robe
rPois   .          Reflect  .   (no helmet)
rElec   .          Harm     .   (no cloak)
rCorr   .          Rampage  .   (no gloves)
Will    .....                   (no boots)
Stlth   ++........              (no amulet)
HPRegen 0.12/turn               (no ring)
MPRegen 0.12/turn               (no ring)

@: no status effects
A: high MP 1, forlorn, divine attributes
a: no special abilities


You were on level 4 of the Dungeon.
You visited 1 branch of the dungeon, and saw 4 of its levels.

You collected 104 gold pieces.

Inventory:

Hand Weapons
 c - a +2 dagger of venom (weapon)
 f - a +2 dagger of protection
 i - a +2 whip of venom
Missiles
 d - 5 boomerangs
Armour
 a - a +0 robe (worn)
Jewellery
 o - a +6 ring of dexterity
Scrolls
 e - 2 scrolls of identify {unknown}
 h - 2 scrolls of blinking {unknown}
 j - a scroll of teleportation {unknown}
 l - 2 scrolls of fog {unknown}
 n - a scroll of magic mapping {unknown}
Potions
 b - 2 potions of haste {unknown}
 g - a potion of curing {unknown}
 k - 2 potions of cancellation {unknown}
 m - a potion of lignification {unknown}


   Skills:
 - Level 1.7 Dodging
 - Level 1.7 Stealth
 + Level 1.7 Spellcasting
 + Level 6.7 Conjurations
 + Level 0.0 Translocations


You couldn't memorise any spells.
You knew the following spells:

 Your Spells              Type           Power      Damage    Failure   Level
a - Magic Dart            Conj           100%       1d8       1%          1
b - Searing Ray           Conj           68%        2d6       1%          2
c - Iskenderun's Mystic   Conj/Tloc      18%        2d6       30%         4

Your spell library contained the following spells:

 Spells                   Type           Power      Damage    Failure   Level
 Dazzling Flash           Conj/Hex       36%        N/A       10%         3
 Fulminant Prism          Conj/Hex       9%         3d7       30%         4


Dungeon Overview and Level Annotations

Branches:
Dungeon (4/15)
 Temple: D:4-7


Innate Abilities, Weirdness & Mutations

You have an increased reservoir of magic. (+10% MP)
You shall have no god before yourself.
Your divine heritage dramatically boosts your attributes as you level up.


Message History

The arrow misses you.
The centaur shoots an arrow.
The arrow hits you!
A centaur is nearby!
The centaur shoots an arrow.
The arrow hits you.
* * * LOW HITPOINT WARNING * * *
The centaur shoots an arrow.
The arrow hits you!
* * * LOW HITPOINT WARNING * * *
You start resting.
A centaur is nearby!
The centaur unwields a +0 shortbow.
The centaur hits you.
* * * LOW HITPOINT WARNING * * *
The centaur kicks you but does no damage.
Casting: Magic Dart (safe; 1% risk of failure)
Confirm with . or Enter, or press ? or * to list all spells.
The spell is extremely dangerous to miscast (30% risk of failure)!
Continue anyway?
Okay, then.
Casting: Iskenderun's Mystic Blast (extremely dangerous; 30% risk of failure)
Confirm with . or Enter, or press ? or * to list all spells.
Aiming: Searing Ray (safe; 1% risk of failure)
Press: ? - help, Shift-Dir - straight line, f - centaur
Aim: a centaur, quivering arrows (88% to hit)
The searing ray hits the centaur!
The centaur is heavily wounded. (Press . to maintain the ray.)
The centaur closely misses you. The centaur kicks you.
* * * LOW HITPOINT WARNING * * *
The centaur closely misses you. The centaur barely misses you.
The searing ray hits the centaur.
The centaur is severely wounded.
The centaur hits you.
* * * LOW HITPOINT WARNING * * *
The centaur closely misses you.
Unknown command.
The searing ray hits the centaur.
The centaur is almost dead.
The centaur hits you.
* * * LOW HITPOINT WARNING * * *
The centaur kicks you.
* * * LOW HITPOINT WARNING * * *
The centaur hits you.
You die...

############
#c...[...>.. #######
#@########..
......####..........
######...#...........#
..............#######.
#####..)###.## ##.##
#.# ##.## #.# #...#
#)# ########...# #.#


You could see a centaur.

Vanquished Creatures
  An orc priest (D:3)
  2 orc wizards (D:3)
  7 gnolls
  6 adders
  A worm (D:2)
  2 dart slugs (D:1)
  2 orcs (D:3)
  7 ball pythons
  2 endoplasms (D:1)
  3 giant cockroaches
  12 goblins
  6 hobgoblins
  8 jackals
  6 kobolds
  3 quokkas
  3 bats
  3 frilled lizards
  7 rats
81 creatures vanquished.

Notes
Turn   | Place    | Note
-------+----------+-------------------------------------------
     0 | D:1      | pkoi the Demigod Conjurer began the quest for the Orb.
     0 | D:1      | Reached XP level 1. HP: 14/14 MP: 5/5
    79 | D:1      | Reached skill level 4 in Conjurations
   405 | D:1      | Reached XP level 2. HP: 17/20 MP: 7/7
  1074 | D:1      | Reached XP level 3. HP: 26/26 MP: 8/8
  1968 | D:2      | Reached skill level 5 in Conjurations
  2219 | D:2      | Reached XP level 4. HP: 28/33 MP: 1/9
  2292 | D:1      | Learned a level 2 spell: Searing Ray
  3415 | D:3      | Reached skill level 6 in Conjurations
  3415 | D:3      | Reached XP level 5. HP: 28/38 MP: 5/10
  5051 | D:4      | Learned a level 4 spell: Iskenderun's Mystic Blast
  5223 | D:4      | Noticed a centaur
  5235 | D:4      | HP: 1/38 [centaur (2)]
  5235 | D:4      | Slain by a centaur

Illustrated notes

Levels and vault maps discovered:
D:1:      moated_graveyard_arrival, layout_loops_ring, grunt_decor_mini_mirrors,
          minmay_surrounded
D:2:      layout_loops_corners, hellmonk_ecumenical_altar_blasted
D:3:      layout_loops_corners
D:4:      layout_loops_ring, ebering_ghost_disaster_area

Skill      XL: |  1  2  3  4 |
---------------+-------------+-----
Conjurations   | 4 5 6 |  6.7
Dodging        | |  1.7
Stealth        | |  1.7
Spellcasting   | |  1.7

Action                   |  1- 3 |  4- 6 || total
-------------------------+-------+-------++-------
Melee: Dagger            |    69 |     3 ||    72
       Punch             |     1 |       ||     1
 Cast: Magic Dart        |    44 |    74 ||   118
       Searing Ray       |       |     6 ||     6
 Stab: Sleeping          |     3 |       ||     3
Armor: Robe              |    16 |     1 ||    17
Dodge: Dodged            |    41 |    16 ||    57
